PL
PORTLAND EVERGREENS @ NORTHERN VIRGINIA RAINBOW MERMAIDS
10/11/2038
 
TOP OF THE 1ST
Portland Evergreens batting - Pitching for Northern Virginia Rainbow Mermaids : RHP Eddie Kop
Pitching: RHP Eddie Kop
Batting: SHB Willie McGirt 0-0: Swinging Strike
0-1: Ball
1-1: Ball
2-1: Ground out U3 (Groundball, 3, EV 83.8 MPH)
Batting: RHB Jeff Solís 0-0: Ball
1-0: Foul Ball, location: 2F
1-1: Ground out U3 (Groundball, 34, EV 103.8 MPH)
Batting: RHB Blaze Alexander 0-0: Ground out 5-3 (Groundball, 56S, EV 90.6 MPH)
Top of the 1st over - 0 runs, 0 hits, 0 errors, 0 left on base; Portland 0 - Northern Virginia 0
BOTTOM OF THE 1ST
Northern Virginia Rainbow Mermaids batting - Pitching for Portland Evergreens : RHP Eric Matson
Pitching: RHP Eric Matson
Batting: LHB Tim Stinson 0-0: Called Strike
0-1: Ball
1-1: Called Strike
1-2: Foul Ball, location: 2F
1-2: Ground out 4-3 (Groundball, 4, EV 90.0 MPH)
Batting: RHB Mario Castillo 0-0: Reached on error, E4 (Groundball, 4M, EV 100.6 MPH)
Batting: LHB Tural Bishara 0-0: Ball
Mario Castillo steals 2nd base
1-0: SINGLE (Line Drive, 4D, EV 104.4 MPH)
Mario Castillo to third
Batting: SHB Lupo Cotto 0-0: Ball
1-0: Ball
2-0: Ball
3-0: Base on Balls
Tural Bishara to second
Batting: LHB Ryder Ringor 0-0: Ball
1-0: Grounds into double play, 4-6-3 (Groundball, 4, EV 101.2 MPH)
Bottom of the 1st over - 0 runs, 1 hit, 1 error, 2 left on base; Portland 0 - Northern Virginia 0
TOP OF THE 2ND
Portland Evergreens batting - Pitching for Northern Virginia Rainbow Mermaids : RHP Eddie Kop
Batting: SHB Billy Dotson 0-0: Ball
1-0: Swinging Strike
1-1: Foul Ball, location: 2F
1-2: Foul Ball, location: 2F
1-2: DOUBLE (Flyball, 89XD, EV 93.1 MPH)
Batting: LHB John Schaefer 0-0: Called Strike
0-1: Swinging Strike
0-2: Strikes out looking
Batting: RHB Bastiaan Pieterse 0-0: Foul Ball, location: 2F
0-1: Swinging Strike
0-2: Strikes out swinging
Batting: LHB Fernando Soto 0-0: Ball
1-0: SINGLE (Groundball, 6D, EV 106.9 MPH)
Billy Dotson to third
Runner from 3rd tries for Home, SAFE, no throw by CF
Batting: RHB Eugene Bowman 0-0: Called Strike
0-1: Ball
1-1: Swinging Strike
1-2: Fielders Choice at 2nd, 5-4 (Groundball, 5, EV 83.1 MPH)
Top of the 2nd over - 1 run, 2 hits, 0 errors, 1 left on base; Portland 1 - Northern Virginia 0
BOTTOM OF THE 2ND
Northern Virginia Rainbow Mermaids batting - Pitching for Portland Evergreens : RHP Eric Matson
Batting: LHB Craig Morgan 0-0: Foul Ball, location: 2F
0-1: Ball
1-1: Ground out 5-3 (Groundball, 56, EV 85.6 MPH)
Batting: RHB Phil McCroskey 0-0: Ball
1-0: Swinging Strike
1-1: Ball
2-1: Foul Ball, location: 2F
2-2: Foul Ball, location: 2F
2-2: Ball
3-2: Foul Ball, location: 2F
3-2: Base on Balls
Batting: LHB Jim Brown 0-0: Ball
1-0: Ball
Phil McCroskey steals 2nd base
2-0: DOUBLE (Groundball, 3L, EV 102.5 MPH)
Phil McCroskey scores
Batting: RHB Tony Calhoun 0-0: Fly out, F8 (Flyball, 8RS, EV 86.2 MPH)
Batting: LHB Tim Stinson 0-0: Ball
1-0: Called Strike
1-1: 2-RUN HOME RUN (Flyball, 9LD, EV 96.2 MPH), Distance : 338 ft
Batting: RHB Mario Castillo 0-0: Ball
1-0: Foul Ball, location: 2F
1-1: Ball
2-1: Ball
3-1: Fly out, F9 (Flyball, 9D, EV 104.4 MPH)
Bottom of the 2nd over - 3 runs, 2 hits, 0 errors, 0 left on base; Portland 1 - Northern Virginia 3
TOP OF THE 3RD
Portland Evergreens batting - Pitching for Northern Virginia Rainbow Mermaids : RHP Eddie Kop
Batting: RHB Mei Kim 0-0: Called Strike
0-1: Ball
1-1: Ball
2-1: Foul Ball, location: 2F
2-2: Foul Ball, location: 2F
2-2: Ball
3-2: Base on Balls
Batting: SHB Willie McGirt 0-0: Swinging Strike
0-1: Ball
1-1: Ball
Wild Pitch!
Mei Kim to second
2-1: Ball
3-1: Called Strike
3-2: Base on Balls
Batting: RHB Jeff Solís 0-0: Foul Ball, location: 2F
0-1: Ball
1-1: Foul Ball, location: 2F
1-2: Ball
2-2: Grounds into double play, 5-4-3 (Groundball, 5, EV 85.6 MPH)
Mei Kim to third
Batting: RHB Blaze Alexander 0-0: Called Strike
0-1: Ball
1-1: Fly out, F9 (Flyball, 9S, EV 86.2 MPH)
Top of the 3rd over - 0 runs, 0 hits, 0 errors, 1 left on base; Portland 1 - Northern Virginia 3
BOTTOM OF THE 3RD
Northern Virginia Rainbow Mermaids batting - Pitching for Portland Evergreens : RHP Eric Matson
Batting: LHB Tural Bishara 0-0: Ball
1-0: Ball
2-0: Called Strike
2-1: Ground out 4-3 (Groundball, 4, EV 100.0 MPH)
Batting: SHB Lupo Cotto 0-0: Called Strike
0-1: SINGLE (Groundball, 34S, EV 73.1 MPH) (infield hit)
Batting: LHB Ryder Ringor 0-0: Called Strike
0-1: Ball
1-1: Fly out, F4 (Line Drive, 3, EV 68.1 MPH)
Batting: LHB Craig Morgan 0-0: Ball
1-0: Called Strike
1-1: Foul Ball, location: 2F
1-2: Ground out 4-3 (Groundball, 34, EV 100.0 MPH)
Bottom of the 3rd over - 0 runs, 1 hit, 0 errors, 1 left on base; Portland 1 - Northern Virginia 3
TOP OF THE 4TH
Portland Evergreens batting - Pitching for Northern Virginia Rainbow Mermaids : RHP Eddie Kop
Batting: SHB Billy Dotson 0-0: DOUBLE (Line Drive, 89D, EV 108.1 MPH) - OUT at third base trying to stretch hit.
Batting: LHB John Schaefer 0-0: Called Strike
0-1: Ball
1-1: Foul Ball, location: 2F
1-2: Fly out, F9 (Flyball, 9LSF, EV 91.9 MPH)
Batting: RHB Bastiaan Pieterse 0-0: Ball
1-0: Foul Ball, location: 2F
1-1: Swinging Strike
1-2: Ball
2-2: Foul Ball, location: 2F
2-2: Ball
3-2: Strikes out swinging
Top of the 4th over - 0 runs, 1 hit, 0 errors, 0 left on base; Portland 1 - Northern Virginia 3
BOTTOM OF THE 4TH
Northern Virginia Rainbow Mermaids batting - Pitching for Portland Evergreens : RHP Eric Matson
Batting: RHB Phil McCroskey 0-0: Called Strike
0-1: Ball
1-1: Ball
2-1: Swinging Strike
2-2: Ball
3-2: Base on Balls
Batting: LHB Jim Brown 0-0: Ball
1-0: SINGLE (Line Drive, 78S, EV 102.5 MPH)
Phil McCroskey to second
Batting: RHB Tony Calhoun 0-0: Called Strike
0-1: Ground out 4-3 (Groundball, 4S, EV 76.2 MPH)
Phil McCroskey to third
Jim Brown to second
Batting: LHB Tim Stinson 0-0: Ball
1-0: Ball
2-0: Foul Ball, location: 2F
2-1: Called Strike
2-2: Ball
3-2: SINGLE (Groundball, 6, EV 106.2 MPH) (infield hit)
Phil McCroskey scores
Jim Brown to third
Batting: RHB Mario Castillo 0-0: Foul Ball, location: 2F
0-1: Ball
1-1: Swinging Strike
1-2: SINGLE (Flyball, 8LS, EV 89.4 MPH)
Jim Brown scores
Tim Stinson to second
Pitching: RHP Keith Rojas
Batting: LHB Tural Bishara 0-0: Ball
1-0: Ball
2-0: Fielders Choice at 2nd, 6-4 (Groundball, 6, EV 88.1 MPH)
Tim Stinson to third
Batting: SHB Lupo Cotto 0-0: Ball
1-0: Ground out 4-3 (Groundball, 4, EV 106.2 MPH)
Bottom of the 4th over - 2 runs, 3 hits, 0 errors, 2 left on base; Portland 1 - Northern Virginia 5
TOP OF THE 5TH
Portland Evergreens batting - Pitching for Northern Virginia Rainbow Mermaids : RHP Eddie Kop
Batting: LHB Fernando Soto 0-0: DOUBLE (Flyball, 89D, EV 94.4 MPH)
Batting: RHB Eugene Bowman 0-0: Ball
Passed Ball!
Fernando Soto to third
1-0: Fly out, F8 (Flyball, 89XD, EV 103.1 MPH)
Runner from 3rd tags up, SCORES, no throw by CF
Batting: RHB Mei Kim 0-0: Ball
1-0: Foul Ball, location: 2F
1-1: Ball
2-1: Called Strike
2-2: Ball
3-2: Foul Ball, location: 2F
3-2: Strikes out looking
Batting: SHB Willie McGirt 0-0: Called Strike
0-1: Ball
1-1: Ground out 4-3 (Groundball, 4S, EV 77.5 MPH)
Top of the 5th over - 1 run, 1 hit, 0 errors, 0 left on base; Portland 2 - Northern Virginia 5
BOTTOM OF THE 5TH
Northern Virginia Rainbow Mermaids batting - Pitching for Portland Evergreens : RHP Keith Rojas
Batting: LHB Ryder Ringor 0-0: Ball
1-0: Foul Ball, location: 2F
1-1: Foul Ball, location: 2F
1-2: Ball
2-2: Ground out 6-3 (Groundball, 6M, EV 91.2 MPH)
Batting: LHB Craig Morgan 0-0: Called Strike
0-1: Ball
1-1: Ball
2-1: Fly out, F9 (Flyball, 9LM, EV 106.2 MPH)
Batting: RHB Phil McCroskey 0-0: Swinging Strike
0-1: Ball
1-1: Ball
2-1: SINGLE (Groundball, 6MD, EV 96.2 MPH)
Batting: LHB Jim Brown 0-0: Called Strike
Phil McCroskey steals 2nd base
0-1: Reached on error, E5 (Groundball, 56, EV 101.2 MPH)
Phil McCroskey to third
Batting: RHB Tony Calhoun 0-0: Foul Ball, location: 2F
0-1: Ground out 4-3 (Groundball, 4M, EV 84.4 MPH)
Bottom of the 5th over - 0 runs, 1 hit, 1 error, 2 left on base; Portland 2 - Northern Virginia 5
TOP OF THE 6TH
Portland Evergreens batting - Pitching for Northern Virginia Rainbow Mermaids : RHP Eddie Kop
Batting: RHB Jeff Solís 0-0: Called Strike
0-1: Foul Ball, location: 2F
0-2: SINGLE (Groundball, 6D, EV 103.1 MPH)
Batting: RHB Blaze Alexander 0-0: Ball
1-0: Called Strike
1-1: Foul Ball, location: 2F
1-2: Foul Ball, location: 2F
1-2: Fielders Choice at 2nd, 1-4 (Groundball, P, EV 85.0 MPH)
Batting: SHB Billy Dotson 0-0: Called Strike
0-1: Called Strike
0-2: Ball
1-2: Foul Ball, location: 2F
1-2: Foul Ball, location: 2F
1-2: DOUBLE (Line Drive, 7LS, EV 95.0 MPH)
Blaze Alexander to third
Runner from 3rd tries for Home, SAFE, throw by LF to home
Batting: LHB John Schaefer 0-0: Swinging Strike
0-1: Foul Ball, location: 2F
0-2: Strikes out looking
Batting: RHB Bastiaan Pieterse 0-0: Swinging Strike
0-1: Swinging Strike
0-2: Ground out 5-3 (Groundball, 5, EV 84.4 MPH)
Top of the 6th over - 1 run, 2 hits, 0 errors, 1 left on base; Portland 3 - Northern Virginia 5
BOTTOM OF THE 6TH
Northern Virginia Rainbow Mermaids batting - Pitching for Portland Evergreens : RHP Keith Rojas
Batting: LHB Tim Stinson 0-0: Swinging Strike
0-1: Fly out, F7 (Flyball, 7S, EV 87.5 MPH)
Batting: RHB Mario Castillo 0-0: DOUBLE (Flyball, 8RXD, EV 96.2 MPH)
Pitching: RHP Branlyn Jaraba
Batting: LHB Tural Bishara 0-0: Swinging Strike
0-1: Foul Ball, location: 2F
0-2: Strikes out swinging
Batting: SHB Lupo Cotto 0-0: Ball
1-0: Ground out 1-3 (Groundball, 34S, EV 88.1 MPH)
Bottom of the 6th over - 0 runs, 1 hit, 0 errors, 1 left on base; Portland 3 - Northern Virginia 5
TOP OF THE 7TH
Portland Evergreens batting - Pitching for Northern Virginia Rainbow Mermaids : RHP Eddie Kop
Batting: LHB Fernando Soto 0-0: Called Strike
0-1: Ball
1-1: SINGLE (Line Drive, 4D, EV 99.4 MPH)
Pitching: RHP Yoriyoshi Sugimoto
Batting: RHB Eugene Bowman 0-0: Called Strike
0-1: Bunt - Flyout to 15! F1
Batting: RHB Mei Kim 0-0: Called Strike
0-1: Swinging Strike
0-2: SINGLE (Groundball, 6D, EV 99.4 MPH)
Fernando Soto to second
Batting: SHB Willie McGirt 0-0: Called Strike
0-1: Ball
1-1: Swinging Strike
1-2: Ball
2-2: Ball
3-2: Strikes out looking
Batting: RHB Jeff Solís 0-0: Ball
1-0: Called Strike
1-1: Fly out, F9 (Line Drive, 9D, EV 98.1 MPH)
Top of the 7th over - 0 runs, 2 hits, 0 errors, 2 left on base; Portland 3 - Northern Virginia 5
BOTTOM OF THE 7TH
Northern Virginia Rainbow Mermaids batting - Pitching for Portland Evergreens : RHP Branlyn Jaraba
Batting: LHB Ryder Ringor 0-0: Called Strike
0-1: Fly out, F7 (Flyball, 7S, EV 84.4 MPH)
Batting: LHB Craig Morgan 0-0: Ball
1-0: Called Strike
1-1: Fly out, F7 (Flyball, 78M, EV 77.5 MPH)
Batting: RHB Phil McCroskey 0-0: Ball
1-0: Ball
2-0: Ball
3-0: Called Strike
3-1: Called Strike
3-2: Strikes out swinging
Bottom of the 7th over - 0 runs, 0 hits, 0 errors, 0 left on base; Portland 3 - Northern Virginia 5
TOP OF THE 8TH
Portland Evergreens batting - Pitching for Northern Virginia Rainbow Mermaids : RHP Yoriyoshi Sugimoto
Batting: RHB Blaze Alexander 0-0: Called Strike
0-1: Fly out, F9 (Line Drive, 89M, EV 89.4 MPH)
Batting: SHB Billy Dotson 0-0: Called Strike
0-1: Ball
1-1: Ball
2-1: Called Strike
2-2: Ball
3-2: Ground out 4-3 (Groundball, 4, EV 86.9 MPH)
Batting: LHB John Schaefer 0-0: Called Strike
0-1: Swinging Strike
0-2: Strikes out looking
Top of the 8th over - 0 runs, 0 hits, 0 errors, 0 left on base; Portland 3 - Northern Virginia 5
BOTTOM OF THE 8TH
Northern Virginia Rainbow Mermaids batting - Pitching for Portland Evergreens : RHP Branlyn Jaraba
Pitching: LHP Raúl Romero
Batting: LHB Jim Brown 0-0: Called Strike
0-1: Ball
1-1: Ball
2-1: Foul Ball, location: 2F
2-2: Strikes out swinging
Batting: RHB Tony Calhoun 0-0: DOUBLE (Flyball, 89D, EV 92.5 MPH)
Batting: LHB Tim Stinson 0-0: Called Strike
0-1: Foul Ball, location: 2F
0-2: Strikes out looking
Batting: RHB Mario Castillo 0-0: Called Strike
0-1: Ball
1-1: Ball
2-1: Ground out 6-3 (Groundball, 6, EV 80.6 MPH)
Bottom of the 8th over - 0 runs, 1 hit, 0 errors, 1 left on base; Portland 3 - Northern Virginia 5
TOP OF THE 9TH
Portland Evergreens batting - Pitching for Northern Virginia Rainbow Mermaids : RHP Yoriyoshi Sugimoto
Pitching: RHP Brewster Warble
Batting: RHB Bastiaan Pieterse 0-0: Called Strike
0-1: Ball
1-1: Ball
2-1: Swinging Strike
2-2: Foul Ball, location: 2F
2-2: Strikes out swinging
Batting: LHB Fernando Soto 0-0: Ball
1-0: Ball
2-0: Foul Ball, location: 2F
2-1: Ball
3-1: Swinging Strike
3-2: Foul Ball, location: 2F
3-2: Base on Balls
Batting: RHB Eugene Bowman 0-0: Swinging Strike
0-1: Called Strike
0-2: Foul Ball, location: 2F
0-2: Strikes out swinging
Batting: RHB Mei Kim 0-0: Called Strike
0-1: Foul Ball, location: 2F
0-2: Strikes out looking
Top of the 9th over - 0 runs, 0 hits, 0 errors, 1 left on base; Portland 3 - Northern Virginia 5
Friday, April 17th, 2020 - OOTP Baseball 20.8 Build 74